 Dungeon Crawl Stone Soup version 0.28-a0-863-g8cecda6153 (webtiles) character file.

Game seed: 6214292929328642176

585561 AvatarAndi78 the Minotaur Barricade (level 25, -2/256 (257) HPs)
             Began as a Minotaur Berserker on Nov 16, 2021.
             Was an Elder of Trog.
             Succumbed to an ushabti's dark miasma
             ... on level 2 of the Tomb of the Ancients on Nov 17, 2021.
             The game lasted 04:51:41 (61655 turns).

AvatarAndi78 the Minotaur Barricade (MiBe)         Turns: 61655, Time: 04:51:42

HP:   -2/256 (257)  AC: 47    Str: 35 (37) XL:     25   Next: 51%
MP:   22/22         EV: 16    Int: 10      God:    Trog [****..]
Gold: 4619          SH: 35    Dex: 24      Spells: 24/24 levels left

rFire   + + +      SeeInvis +   P - +11 broad axe "Qikloph" {drain, Fragile Dex+4}
rCold   + + .      Faith    .   N - +2 tower shield
rNeg    + . .      Spirit   .   d - +8 crystal plate armour {rC+}
rPois   +          Reflect  +   (helmet restricted)
rElec   .          Harm     .   V - +2 cloak
rCorr   .          Rampage  .   D - +2 pair of gloves {Dex+3}
Will    +++..                   r - +1 pair of boots {Fly}
Stlth   ..........              p - amulet "Hellowno" {Reflect Fragile rPois rF+ SH+5 SInv}
HPRegen 1.52/turn               F - ring "Luak" {rC+ Str+6}
MPRegen 0.18/turn               v - ring "Hearr" {rF++ rN+ Int+6}

@: lethally poisoned (-2 -> -19), strong-willed, flying, regenerating, studying
2 skills, lightly drained
A: horns 2, retaliatory headbutt, fangs 1, agile 1, mutation resistance 1,
strong 1, wild magic 1
}: 4/15 runes: decaying, serpentine, slimy, silver
a: Renounce Religion, Berserk, Trog's Hand, Brothers in Arms


You were on level 2 of the Tomb of the Ancients.
You worshipped Trog.
Trog was greatly pleased with you.
You visited 12 branches of the dungeon, and saw 51 of its levels.
You visited the Abyss 1 time.
You also visited: Ossuary, Bailey and Ice Cave.

You collected 9070 gold pieces.
You spent 4451 gold pieces at shops.

Inventory:

Hand Weapons
 a - the +14 obsidian axe {vorpal, Mesm Drain Fly SInv}
   (You found it on level 4 of the Vaults)

   It inflicts extra damage upon your enemies.
   It occasionally summons demons to assist the wielder when it strikes in
   combat.
   Its wielder is mesmerised by any visible foes.
   It cannot be unequipped while any foes are visible.
   SInv:      It lets you see invisible.
   Fly:       It grants you flight.
   Drain:     It drains your maximum health when unequipped.
 i - the +8 demon blade "Leech" {vamp, Harm Drain rN+}
   (You took it off an orc priest on level 5 of the Vaults)

   It heals its wielder for a portion of the damage dealt every time it strikes
   a living foe.
   rN:        It protects you from negative energy.
   Drain:     It drains your maximum health when unequipped.
   Harm:      It increases damage dealt and taken.
 I - the +7 long sword "Sigoit" {antimagic, Int-3 Dex+6}
   (You found it on level 1 of the Tomb of the Ancients)

   It reduces the magical energy of the wielder, and disrupts the spells and
   magical abilities of those it strikes.
   Natural abilities and divine invocations are not affected.
   Int:       It affects your intelligence (-3).
   Dex:       It affects your dexterity (+6).
 P - the +11 broad axe "Qikloph" (weapon) {drain, Fragile Dex+4}
   (You found it on level 6 of the Lair of Beasts)

   A truly terrible weapon, it drains the life of any living foe it strikes.
   Dex:       It affects your dexterity (+4).
   Fragile:   It will be destroyed if unequipped.
 S - the +6 trident "Dragonbane" {protect, rElec rF+}
   (You found it on level 3 of the Crypt)

   It grants its wielder temporary protection when it strikes (+7 to AC).
   rF:        It protects you from fire.
   rElec:     It insulates you from electricity.
 T - a +3 vampiric executioner's axe
Armour
 c - the +0 tower shield of Doclup {Drain rElec rF+}
   (You took it off Mennas on level 1 of the Crypt)

   rF:        It protects you from fire.
   rElec:     It insulates you from electricity.
   Drain:     It drains your maximum health when unequipped.
 d - a +8 crystal plate armour of cold resistance (worn)
 r - a +1 pair of boots of flying (worn)
 C - +8 fire dragon scales
 D - a +2 pair of gloves of dexterity (worn)
 N - a +2 tower shield (worn)
 V - a +2 cloak (worn)
 Z - the +0 hat "Lyhuxit" {rF+ Regen+ Slay-6}
   (You found it on level 3 of the Vaults)

   Slay:      It affects your accuracy & damage with ranged weapons and melee
   (-6).
   rF:        It protects you from fire.
   Regen:     It increases your rate of health regeneration.
Jewellery
 k - a ring of willpower
 o - a ring of positive energy
 p - the amulet "Hellowno" (around neck) {Reflect Fragile rPois rF+ SH+5 SInv}
   (You bought it in a shop on level 2 of the Orcish Mines)

   [amulet of reflection]

   It reflects blocked missile attacks.
   rF:        It protects you from fire.
   rPois:     It protects you from poison.
   SInv:      It lets you see invisible.
   Fragile:   It will be destroyed if unequipped.
   SH:        It affects your SH (+5).
 s - a ring of flight
 v - the ring "Hearr" (right hand) {rF++ rN+ Int+6}
   (You found it on level 5 of the Vaults)

   [ring of intelligence]

   Int:       It affects your intelligence (+6).
   rF:        It greatly protects you from fire.
   rN:        It protects you from negative energy.
 x - the amulet of Levity {Reflect rC+ Str-2 Int+2 SH+5}
   (You acquired it on level 4 of the Snake Pit)

   [amulet of reflection]

   It reflects blocked missile attacks.
   Str:       It affects your strength (-2).
   Int:       It affects your intelligence (+2).
   rC:        It protects you from cold.
   SH:        It affects your SH (+5).
 A - a ring of protection from cold
 F - the ring "Luak" (left hand) {rC+ Str+6}
   (You found it on level 5 of the Pits of Slime)

   [ring of strength]

   Str:       It affects your strength (+6).
   rC:        It protects you from cold.
 K - the ring of the Heavens {rElec rF- rCorr Int+6}
   (You found it on level 3 of the Swamp)

   [ring of resist corrosion]

   Int:       It affects your intelligence (+6).
   rF:        It makes you vulnerable to fire.
   rElec:     It insulates you from electricity.
   rCorr:     It protects you from acid and corrosion.
 M - the ring "Lukh" {Ice Drain rElec Str+2 Slay+3}
   (You bought it in a shop on level 1 of the Dungeon)

   [ring of ice]

   It enhances your ice magic.
   Str:       It affects your strength (+2).
   Slay:      It affects your accuracy & damage with ranged weapons and melee
   (+3).
   rF:        It makes you vulnerable to fire.
   rC:        It protects you from cold.
   rElec:     It insulates you from electricity.
   Drain:     It drains your maximum health when unequipped.
 Q - a ring of poison resistance
 Y - the ring "Qoatt" {rCorr Dex+2}
   (You took it off a deep elf death mage on level 3 of the Elven Halls)

   [ring of resist corrosion]

   Dex:       It affects your dexterity (+2).
   rCorr:     It protects you from acid and corrosion.
Wands
 g - a wand of acid (32)
 h - a wand of digging (10)
 l - a wand of iceblast (38)
 t - a wand of paralysis (43)
 u - a wand of flame (118)
 y - a wand of charming (10)
 z - a wand of polymorph (17)
 H - a wand of mindburst (6)
Scrolls
 b - 6 scrolls of magic mapping
 m - 6 scrolls of blinking
 n - 24 scrolls of teleportation
 E - 10 scrolls of fear
 G - 21 scrolls of identify
 U - 3 scrolls of silence
Potions
 e - 14 potions of curing
 j - 2 potions of cancellation
 J - 2 potions of haste
 L - a potion of invisibility
 O - a potion of might
Miscellaneous
 X - a lightning rod (4/4)


   Skills:
 O Level 27 Fighting
 * Level 9.3 Long Blades
 O Level 27 Axes
 + Level 8.3(19.5) Maces & Flails
 - Level 11.5(20.8) Polearms
 + Level 23.1 Armour
 + Level 11.3 Dodging
 + Level 7.9 Stealth
 O Level 27 Shields
 + Level 3.8 Evocations


You had 24 spell levels left.
You didn't know any spells.
Your spell library was empty.

Dungeon Overview and Level Annotations

Branches:
Dungeon (15/15)            Temple (1/1) D:7            Lair (6/6) D:10
  Swamp (4/4) Lair:2        Snake (4/4) Lair:2        Slime (5/5) Lair:6
    Orc (2/2) D:12            Elf (3/3) Orc:2        Vaults (5/5) D:13
  Crypt (3/3) Vaults:2       Tomb (2/3) Crypt:3      Depths (1/4) D:15
Ossuary (visited)          Bailey (visited)           IceCv (visited)

Altars:
Ashenzari
Cheibriados
Dithmenos
Elyvilon
Fedhas
Gozag
Hepliaklqana
Kikubaaqudgha
Makhleb
Nemelex Xobeh
Okawaru
Qazlal
Ru
Sif Muna
Trog
Uskayaw
Vehumet
Wu Jian
Xom
Yredelemnul
Zin
The Shining One
Beogh
Jiyva

Shops:
D:1 !=   D:4 :   D:5 *   D:8 *   D:14 =   Orc:1 !   Orc:2 (*?([=[   Elf:1 (
Elf:3 (   Snake:3 [?!   Vaults:1 *   Vaults:2 (

Portals:
Trove: Vaults:3 (give 9 potions of haste)


Innate Abilities, Weirdness & Mutations

You have a pair of horns on your head.
You reflexively headbutt those who attack you in melee.
You have very sharp teeth.
You are agile. (Dex +2)
You are somewhat resistant to further mutation.
Your muscles are strong. (Str +2)
Your spells are a little harder to cast, but a little more powerful.


Message History

You feel very sick. You block the death scarab's attack.
You block the spectral shadow dragon's attack. x2
The spectral shadow dragon claws you but does no damage.
The ushabti shakes and rattles.
The vile air hits the mummy priest but does no damage.
The vile air hits the spectral shadow dragon but does no damage.
The vile air hits you but does no damage.
You slash the spectral shadow dragon!
Your bite misses the spectral shadow dragon.
The spectral shadow dragon is severely damaged.
You slash the freezing wraith!
You destroy the freezing wraith!
The freezing wraith disappears in a puff of smoke!
You slice the death scarab!!
You are engulfed in dark miasma.
* * * LOW HITPOINT WARNING * * *
You feel very sick. You block the death scarab's attack. x2
You block the spectral shadow dragon's attack.
The spectral shadow dragon claws you.
* * * LOW HITPOINT WARNING * * *
You partially resist.
You feel drained.
The spectral shadow dragon closely misses you.
You barely miss the spectral shadow dragon.
You headbutt the spectral shadow dragon!
You bite the spectral shadow dragon.
The spectral shadow dragon is almost destroyed.
You slice the death scarab!!
You destroy the death scarab!
Trog accepts your kill.
You are engulfed in dark miasma.
You are lethally poisoned!
* * * LOW HITPOINT WARNING * * *
x2 You feel very sick.
The mummy priest calls on the powers of darkness!
You feel a surge of unholy energy.
Blink to where?
Press: ? - help, Dir - move target
As you read the scroll of blinking, it crumbles to dust.
You die...

#....##.......zM..B.....##
....................
.........MB.........
...........z.B.....#
#.............M...# .
#....#######○M..# ...
#...#######9M.#
.....##....†.†°ZMzz.#
.......@...†.#3MV.......
............†#z.M.......
...........††...........
............†...........
########################


There were no monsters in sight!

Vanquished Creatures
  the Royal Jelly (Slime:5)
  A dread lich (Vaults:5)
  An ancient lich (Crypt:3)
  Mennas (Crypt:1)
  4 royal mummies
  Frederick (Vaults:1)
  Bai Suzhen (Vaults:3)
  The ghost of Yhutz the Peltast, a veteran MiFi of Qazlal (Vaults:4)
  Saint Roka (Orc:2)
  2 golden dragons (Vaults:5)
  The ghost of Beasu the Peltast, a veteran KoDe of Wu Jian (Vaults:1)
  A bone dragon (Crypt:3)
  5 tentacled monstrosities
  An Ice Fiend (IceCv)
  6 liches
  3 deep elf blademasters
  20 acid blobs
  The ghost of Tetudagra the Spry, an adept DgGl (Vaults:4)
  Frances (Elf:1)
  2 deep elf master archers (Elf:3)
  9 sphinxes
  2 quicksilver dragons (Vaults:5)
  7 titans
  2 ancient champions
  A thorn hunter (Swamp:4)
  2 storm dragons
  3 shadow dragons (Vaults:5)
  Donald (Swamp:2)
  A nagaraja (Snake:4)
  6 tengu reavers
  A revenant (Tomb:1)
  A fenstrider witch (Swamp:3)
  10 rockslimes
  A fire giant (Vaults:5)
  14 azure jellies
  A fire giant (shapeshifter) (Vaults:5)
  The ghost of Rithri the Severer, a journeyman MiFi of Okawaru (Snake:2)
  2 draconian knights (Vaults:1)
  20 vault wardens
  3 deep elf sorcerers (Elf:3)
  Aizul (Swamp:3)
  2 frost giants
  Louise (Swamp:2)
  5 orc warlords
  An iron dragon (Vaults:5)
  4 curse skulls
  2 deep elf elementalists (Elf:3)
  6 ghouls (Crypt:2)
  8 war gargoyles
  29 ironbound preservers
  18 quicksilver oozes
  16 very ugly things
  7 stone giants
  A caustic shrike skeleton (Crypt:2)
  2 bennus (Tomb:2)
  6 deep elf demonologists
  3 entropy weavers
  5 vampire knights
  26 dire elephants
  10 deep elf annihilators
  4 bunyips
  A minotaur (shapeshifter) (Elf:3)
  An eidolon (Crypt:2)
  2 eleionomae
  The ghost of Agihue the Spear-Bearer, a journeyman DgFi (Lair:2)
  4 ettins (Vaults:5)
  A quicksilver dragon zombie (Crypt:2)
  9 deep elf death magi
  4 crystal guardians
  2 jiangshi
  7 mummy priests
  14 yaktaur captains
  3 deep elf high priests
  A rakshasa (Vaults:3)
  12 great orbs of eyes
  A quicksilver dragon skeleton (Crypt:2)
  2 shambling mangroves
  19 naga warriors
  Fannar (D:12)
  14 ironbound thunderhulks
  Harold (D:11)
  37 vault guards
  27 hydras
  6 salamander tyrants
  23 centaur warriors
  2 peacekeepers
  15 ironbound frosthearts
  4 catoblepae
  The ghost of Soborki the Cleaver, a novice MiBe of Trog (D:8)
  A juggernaut simulacrum (Crypt:2)
  7 boulder beetles
  6 alligators
  11 anacondas
  2 fenstrider witch skeletons
  4 death knights
  3 tengu warriors
  3 two-headed ogres
  46 death scarabs
  18 death yaks
  3 vampire magi
  A titan zombie (Crypt:3)
  32 dancing weapons
  A deep troll earth mage (Vaults:3)
  6 orc high priests
  6 shock serpents
  Urug (Orc:2)
  6 hell knights (Crypt:3)
  16 deep elf knights
  10 naga sharpshooters
  Nergalle (Orc:2)
  3 salamander mystics (Snake:4)
  A shadow wraith (Crypt:2)
  A soul eater (Crypt:2)
  A titan skeleton (Crypt:1)
  4 sea snakes (Snake:2)
  A death drake (Swamp:3)
  4 glowing orange brains
  A storm dragon skeleton (Crypt:1)
  3 goliath frogs
  2 spectral hydras (Lair:5)
  70 deep trolls
  24 skeletal warriors
  6 bog bodies
  A spriggan druid (Swamp:4)
  3 flayed ghosts
  An obsidian statue (IceCv)
  9 lindwurms
  13 swamp dragons
  13 deep elf archers
  18 necromancers
  11 wizards
  30 deep elf zephyrmancers
  An anaconda skeleton (Tomb:2)
  16 ironbound convokers
  A golden dragon skeleton (Tomb:1)
  4 naga ritualists
  4 phantasmal warriors
  2 bunyip skeletons
  27 deep elf pyromancers
  7 mana vipers
  18 orc knights
  4 shining eyes
  A shining eye (shapeshifter) (D:13)
  2 draconian zombies
  5 orc sorcerers
  An oklob plant (Lair:3)
  4 manticores
  A shadow dragon skeleton (Crypt:2)
  A cyclops (shapeshifter) (Vaults:4)
  43 ugly things
  2 will-o-the-wisps (Swamp:3)
  25 salamanders
  A wolf spider (D:15)
  A moth of wrath (Snake:2)
  6 cyclopes
  11 elephants
  A stone giant zombie (Crypt:1)
  45 black mambas
  A fire giant skeleton (Vaults:1)
  A water nymph (shapeshifter) (Vaults:5)
  A dire elephant zombie (Crypt:2)
  3 spriggan zombies
  2 eyes of devastation
  3 torpor snails
  15 cane toads
  14 naga magi
  9 guardian serpents
  Maurice (D:13)
  3 naga skeletons
  22 vault sentinels
  An unseen horror (D:11)
  A yaktaur (shapeshifter) (Elf:1)
  A spriggan skeleton (Crypt:1)
  A yaktaur zombie (Vaults:1)
  4 rime drakes
  A titan simulacrum (Crypt:2)
  16 freezing wraiths
  2 kobold demonologists (D:12)
  A bunyip simulacrum (Crypt:1)
  A rime drake (shapeshifter) (Vaults:4)
  3 komodo dragons (shapeshifter)
  An efreet (D:11)
  An alligator snapping turtle skeleton (Crypt:2)
  37 yaktaurs
  A red draconian zombie (Crypt:1)
  3 entropy weaver simulacra
  8 komodo dragons
  2 tengu conjurers
  2 anaconda simulacra (IceCv)
  11 guardian mummies
  3 harpy zombies
  2 bloated husks
  5 tyrant leeches
  3 ice devils (IceCv)
  7 trolls
  A troll (shapeshifter) (D:15)
  A jumping spider (Vaults:3)
  9 polar bears
  21 hornets
  2 sphinx simulacra (Vaults:1)
  An iron dragon simulacrum (Tomb:1)
  A harpy skeleton (Crypt:2)
  84 slime creatures
  5 blink frogs (Lair:6)
  A fire dragon zombie (Crypt:3)
  14 dream sheep
  53 flying skulls
  An ettin skeleton (Crypt:1)
  2 human simulacra (Vaults:1)
  A deep troll zombie (Vaults:1)
  Sigmund (D:3)
  5 air elementals
  A redback (shapeshifter) (D:15)
  A vampire (D:13)
  4 spriggan simulacra (IceCv)
  2 black mamba zombies (Crypt:1)
  2 shadows
  9 redbacks
  17 spriggans
  2 water elementals (Elf:1)
  9 ushabtiu
  A black mamba skeleton (Crypt:2)
  2 dire elephant simulacra
  9 golden eyes (Slime:3)
  Eustachio (D:4)
  8 wraiths
  2 fire elementals
  5 wyverns
  An alligator snapping turtle simulacrum (Crypt:1)
  42 yaks
  2 minotaur simulacra (IceCv)
  A human (shapeshifter) (Elf:1)
  9 vampire mosquitoes
  4 basilisks
  A steam dragon (D:7)
  Grum (D:10)
  8 swamp worms
  2 harpy simulacra (IceCv)
  2 naga zombies
  9 wargs
  An acid dragon (D:14)
  2 hydra simulacra
  47 nagas
  Duvessa (D:4)
  A two-headed ogre skeleton (Crypt:2)
  17 water moccasins
  2 demonspawn skeletons
  34 orc warriors
  A sky beast (D:5)
  7 swamp drakes
  A black bear (D:6)
  A deep troll skeleton (Crypt:2)
  A human zombie (Vaults:1)
  An ettin simulacrum (Crypt:2)
  4 necrophages
  A black mamba simulacrum (Crypt:2)
  2 ice beasts
  21 wolves
  7 ogres
  4 boggarts (Vaults:1)
  18 centaurs
  A phantom (D:5)
  3 kobold brigands
  Blork the orc (Orc:2)
  13 bullfrogs
  A human skeleton (Vaults:1)
  A scorpion (Lair:2)
  4 earth elementals
  3 deep troll simulacra (IceCv)
  2 gnoll sergeants
  A warg zombie (Crypt:1)
  Dowan (D:4)
  4 killer bees (D:8)
  10 wights (D:8)
  A wolf zombie (Crypt:2)
  5 electric eels
  6 centaur zombies
  A komodo dragon simulacrum (Lair:5)
  A gnoll shaman (D:9)
  23 orc priests
  Crazy Yiuf (D:2)
  2 hounds
  2 centaur skeletons
  Jessica (D:2)
  Ijyb (D:3)
  23 orc wizards
  4 hell rats (Lair:6)
  2 killer bee zombies
  A tengu zombie (Crypt:1)
  A tengu skeleton (Crypt:2)
  26 mummies
  A howler monkey zombie (D:9)
  12 gnolls
  A howler monkey skeleton (D:5)
  10 adders
  3 swamp drake zombies
  3 white imps
  An ufetubus (D:4)
  A lava snake zombie (Crypt:2)
  2 worms (D:2)
  3 dart slugs
  81 orcs
  9 endoplasms
  3 giant cockroaches
  A gnoll zombie (Ossuary)
  3 goblins
  11 hobgoblins
  10 jackals
  6 quokkas
  10 ball pythons
  A bat (D:2)
  6 frilled lizards
  4 goblin zombies
  A hobgoblin zombie (Ossuary)
  16 kobolds
  A kobold zombie (Crypt:1)
  3 orc zombies
  2 rats (D:1)
2231 creatures vanquished.

Vanquished Creatures (collateral kills)
  Asterion (Vaults:2)
  A tengu reaver (Vaults:1)
  A draconian knight (Vaults:1)
  A deep elf elementalist (Elf:3)
  3 vault wardens (Vaults:5)
  A ghoul (Crypt:2)
  An ironbound preserver (Vaults:5)
  A war gargoyle (Vaults:5)
  2 stone giants (Vaults:5)
  The ghost of Berchol the Thaumaturge, a journeyman DgCj (Lair:5)
  A deep elf annihilator (Elf:3)
  2 deep elf death magi (Elf:3)
  An ettin (Vaults:5)
  A deep elf high priest (Elf:3)
  A mummy priest (Tomb:1)
  2 vault guards (Vaults:4)
  A peacekeeper (Vaults:4)
  A boulder beetle (D:13)
  A dancing weapon (Elf:2)
  2 death yaks (Lair:3)
  A tengu warrior (D:13)
  2 deep elf knights
  A hell knight (Vaults:5)
  A skeletal warrior (Crypt:2)
  An ironbound convoker (Vaults:2)
  A deep elf pyromancer (Elf:2)
  A spriggan zombie (Crypt:2)
  A gargoyle (D:13)
  2 tengu conjurers (D:13)
  A polar bear (shapeshifter) (D:13)
  2 flying skulls (Crypt:2)
  A basilisk (shapeshifter) (D:13)
  A spectral torpor snail (Lair:5)
  An orc warrior (Elf:3)
  A necrophage (Crypt:2)
  An orc priest (Orc:1)
  An orc wizard (Orc:1)
  An orc (Orc:1)
47 creatures vanquished.

Vanquished Creatures (others)
  An ancient lich (Vaults:5)
  A titan (Vaults:5)
  A sphinx (Vaults:5)
  A draconian knight (Vaults:1)
  A war gargoyle (Crypt:3)
  An ettin (Vaults:5)
  A salamander tyrant (Snake:4)
  A deep elf knight (Elf:2)
  A spriggan druid (Swamp:4)
  A wizard (Vaults:2)
  3 deep elf zephyrmancers
  A deep elf pyromancer (Elf:2)
  A guardian serpent (Snake:4)
  A flying skull (Crypt:3)
  2 air elementals (Elf:1)
  A water elemental (Elf:1)
  16 ball lightnings (Elf:1)
  30 fungi
  39 plants
104 creatures vanquished.

Grand Total: 2382 creatures vanquished

Notes
Turn   | Place    | Note
-------+----------+-------------------------------------------
     0 | D:1      | AvatarAndi78 the Minotaur Berserker began the quest for the
                  | Orb.
     0 | D:1      | Reached XP level 1. HP: 19/19 MP: 0/0
   156 | D:1      | Found Coleud's Jewellery Boutique.
   187 | D:1      | Reached XP level 2. HP: 20/27 MP: 1/1
   371 | D:1      | Found Juvaotex's Distillery.
   381 | D:1      | You fall into a shaft and drop 1 floor!
   429 | D:2      | Found a runed translucent door.
   430 | D:2      | Noticed Crazy Yiuf
   612 | D:1      | Reached skill level 1 in Polearms
   615 | D:1      | Reached ** piety under Trog
   726 | D:1      | Reached XP level 3. HP: 33/33 MP: 2/2
  1193 | D:2      | Found a faded altar of an unknown god.
  1335 | D:2      | Noticed Jessica
  1338 | D:2      | Killed Jessica
  1339 | D:2      | Reached XP level 4. HP: 37/41 MP: 3/3
  1559 | D:2      | Reached skill level 5 in Fighting
  1853 | D:2      | Killed Crazy Yiuf
  1854 | D:2      | Reached XP level 5. HP: 23/48 MP: 4/4
  2122 | D:3      | Found a sacrificial altar of Ru.
  2198 | D:3      | Noticed Sigmund
  2205 | D:3      | Killed Sigmund
  2206 | D:3      | Reached skill level 1 in Stealth
  2206 | D:3      | Reached XP level 6. HP: 56/56 MP: 5/5
  2254 | D:3      | Found a stormy altar of Qazlal.
  2457 | D:3      | Noticed Ijyb
  2472 | D:3      | Killed Ijyb
  2708 | D:4      | Found a blossoming altar of Fedhas.
  2733 | D:4      | Reached skill level 5 in Polearms
  2738 | D:4      | Reached XP level 7. HP: 62/62 MP: 6/6
  2764 | D:4      | Found a sand-covered staircase.
  2773 | Ossuary  | Entered an ossuary
  2946 | D:4      | Gained mutation: Your spells are a little harder to cast,
                  | but a little more powerful. [potion of mutation]
  2946 | D:4      | Gained mutation: You have sharp toenails. [potion of
                  | mutation]
  2947 | D:4      | Lost mutation: Your spells are a little harder to cast, but
                  | a little more powerful. [potion of mutation]
  2947 | D:4      | Gained mutation: You have very sharp teeth. [potion of
                  | mutation]
  2949 | D:4      | Lost mutation: You have sharp toenails. [potion of
                  | mutation]
  2949 | D:4      | Gained mutation: You are occasionally teleported next to
                  | monsters. [potion of mutation]
  2949 | D:4      | Gained mutation: You have a pair of large horns on your
                  | head. [potion of mutation]
  2949 | D:4      | Gained mutation: You have large cloven feet. [potion of
                  | mutation]
  2959 | D:4      | Noticed Duvessa
  2974 | D:4      | Killed Duvessa
  3041 | D:4      | Found Quzostru's Book Shop.
  3057 | D:4      | Noticed Dowan
  3063 | D:4      | Killed Dowan
  3144 | D:4      | Noticed Eustachio
  3192 | D:4      | Killed Eustachio
  3288 | D:4      | Identified the +0 robe "Doujul" {Rampage rF+ Slay+3}
  3346 | D:4      | Reached *** piety under Trog
  3917 | D:5      | Entered Level 5 of the Dungeon
  3948 | D:5      | Reached XP level 8. HP: 71/71 MP: 7/7
  4045 | D:5      | Found Vyro's CLEARANCE SALE!.
  4107 | D:5      | Found a burning altar of Makhleb.
  4518 | D:6      | Reached skill level 5 in Armour
  4553 | D:6      | Found an ancient bone altar of Kikubaaqudgha.
  4558 | D:6      | Found a hide-covered altar of Uskayaw.
  4563 | D:6      | Found a shimmering altar of Xom.
  4564 | D:6      | Found a radiant altar of Vehumet.
  4566 | D:6      | Found a basalt altar of Yredelemnul.
  4567 | D:6      | Found a white marble altar of Elyvilon.
  4568 | D:6      | Found a broken altar of Ashenzari.
  4617 | D:6      | Identified the +1 ring mail "Toavo" {rF- Regen+ Dex-4 SInv}
  5063 | D:7      | Reached XP level 9. HP: 79/79 MP: 8/8
  5149 | D:7      | Reached skill level 10 in Polearms
  5378 | D:7      | Found a staircase to the Ecumenical Temple.
  5625 | D:8      | Reached skill level 1 in Shields
  5938 | D:8      | Found a runed translucent door.
  5939 | D:8      | Noticed Soborki's ghost (novice MiBe)
  5982 | D:8      | Found Zuroj's Changing Room.
  6041 | D:8      | Noticed a death knight
  6046 | D:8      | Killed a death knight
  6047 | D:8      | Reached skill level 5 in Axes
  6446 | D:9      | Noticed a two-headed ogre
  6457 | D:9      | Killed a two-headed ogre
  6458 | D:9      | Reached XP level 10. HP: 71/88 MP: 9/9
  6884 | D:9      | Found a hazy altar of Hepliaklqana.
  6912 | D:10     | Entered Level 10 of the Dungeon
  6924 | D:10     | Found a flagged portal.
  6934 | Bailey   | Entered a bailey
  7010 | Bailey   | Reached **** piety under Trog
  7023 | Bailey   | Noticed an orc knight
  7104 | Bailey   | Noticed an orc knight
  7104 | Bailey   | Noticed an orc knight
  7111 | Bailey   | Killed an orc knight
  7113 | Bailey   | Killed an orc knight
  7198 | Bailey   | Killed an orc knight
  7199 | Bailey   | Reached skill level 1 in Evocations
  7632 | D:10     | Found a staircase to the Lair.
  7642 | D:10     | Reached XP level 11. HP: 97/97 MP: 10/10
  7822 | D:10     | Noticed Grum
  7832 | D:10     | Killed Grum
  8160 | D:11     | Reached skill level 5 in Dodging
  8160 | D:11     | Noticed a red ugly thing
  8170 | D:11     | Killed a red ugly thing
  8220 | D:11     | Noticed an orc knight
  8232 | D:11     | Killed an orc knight
  8278 | D:12     | Reached skill level 10 in Axes
  8312 | D:12     | Found a staircase to the Orcish Mines.
  8335 | D:12     | Noticed a two-headed ogre
  8341 | D:12     | Killed a two-headed ogre
  8523 | D:12     | Noticed a soul eater
  8529 | D:12     | Reached skill level 10 in Armour
  8619 | D:12     | Reached skill level 10 in Fighting
  8621 | D:12     | Reached skill level 5 in Shields
  8640 | D:12     | Noticed Fannar
  8652 | D:12     | Killed Fannar
  8839 | D:13     | Noticed a centaur warrior
  8847 | D:13     | Noticed a seven-headed hydra
  8849 | D:13     | Noticed an emperor scorpion
  8849 | D:13     | a seven-headed hydra changed into an emperor scorpion
  8851 | D:13     | Noticed an azure jelly
  8851 | D:13     | an emperor scorpion changed into an azure jelly
  8856 | D:12     | Killed a centaur warrior
  8934 | D:13     | Noticed a centaur warrior
  8936 | D:13     | Noticed a tengu warrior
  8942 | D:13     | Reached skill level 1 in Maces & Flails
  8942 | D:13     | Noticed a tengu warrior
  8948 | D:13     | Reached XP level 12. HP: 106/107 MP: 11/11
  8948 | D:13     | Killed a centaur warrior
  8951 | D:13     | Killed a tengu warrior
  8951 | D:13     | Noticed a boulder beetle
  8967 | D:12     | Killed a boulder beetle
  9013 | D:13     | Killed a tengu warrior
  9099 | D:13     | Noticed a boulder beetle
  9105 | D:13     | Killed a boulder beetle
  9106 | D:13     | Reached skill level 5 in Maces & Flails
  9135 | D:13     | Noticed a boulder beetle
  9136 | D:13     | Noticed a tengu warrior
  9145 | D:13     | Killed a tengu warrior
  9152 | D:13     | Killed a boulder beetle
  9170 | D:13     | Noticed a fire dragon
  9173 | D:13     | Noticed an anaconda
  9173 | D:13     | a fire dragon changed into an anaconda
  9179 | D:13     | Noticed a bunyip
  9179 | D:13     | a wolf spider changed into a bunyip
  9181 | D:13     | Noticed an ettin
  9181 | D:13     | a bunyip changed into an ettin
  9186 | D:13     | an ettin changed into a slime creature
  9227 | D:13     | Found a gate to the Vaults.
  9322 | D:13     | Noticed a five-headed hydra
  9332 | D:13     | Killed a five-headed hydra
  9429 | D:13     | Noticed Maurice
  9438 | D:13     | Killed Maurice
 10171 | Lair:1   | Entered Level 1 of the Lair of Beasts
 10444 | Lair:1   | Noticed an eight-headed hydra
 10468 | Lair:1   | Killed a 12-headed hydra
 11033 | Lair:2   | Found a hide-covered altar of Uskayaw.
 11034 | Lair:2   | Noticed a boulder beetle
 11035 | Lair:2   | Found an ornate altar of the Wu Jian Council.
 11053 | Lair:2   | Killed a boulder beetle
 11113 | Lair:2   | Found a staircase to the Swamp.
 11125 | Lair:2   | Reached XP level 13. HP: 66/117 MP: 12/12
 11407 | Lair:2   | Found a staircase to the Snake Pit.
 11435 | Lair:2   | Found a sparkling altar of Nemelex Xobeh.
 11482 | Lair:2   | Found a runed translucent gate.
 11483 | Lair:2   | Found a runed translucent gate.
 11483 | Lair:2   | Found a runed translucent gate.
 11535 | Lair:2   | Noticed Agihue's ghost (journeyman DgFi)
 11994 | Lair:2   | Killed Agihue's ghost
 13494 | Lair:4   | Reached skill level 15 in Axes
 13611 | Lair:4   | Reached XP level 14. HP: 113/129 MP: 13/13
 14467 | Lair:4   | Upgraded the game from 0.28-a0-862-g58c29a6370 to
                  | 0.28-a0-863-g8cecda6153
 14698 | Lair:5   | Found a runed translucent gate.
 14698 | Lair:5   | Found a runed translucent gate.
 14698 | Lair:5   | Found a runed translucent gate.
 14952 | Lair:5   | Reached ***** piety under Trog
 15249 | Lair:5   | Noticed Berchol's ghost (journeyman DgCj)
 15259 | Lair:6   | Entered Level 6 of the Lair of Beasts
 15742 | Lair:6   | Identified the +11 broad axe "Qikloph" {drain, Fragile
                  | Dex+4}
 15844 | Lair:6   | Reached XP level 15. HP: 139/139 MP: 14/14
 15917 | Lair:6   | Found a staircase to the Slime Pits.
 16049 | Lair:6   | Reached skill level 15 in Fighting
 16593 | Orc:1    | Entered Level 1 of the Orcish Mines
 16593 | Orc:1    | Noticed an orc warlord
 16593 | Orc:1    | Found Gaawnyn's Distillery.
 16714 | Orc:1    | Killed an orc warlord
 16733 | Orc:1    | Bought a potion of invisibility for 144 gold pieces
 16733 | Orc:1    | Bought a potion of heal wounds for 90 gold pieces
 16733 | Orc:1    | Bought a potion of heal wounds for 90 gold pieces
 16733 | Orc:1    | Bought a potion of mutation for 144 gold pieces
 16733 | Orc:1    | Lost mutation: You have large cloven feet. [potion of
                  | mutation]
 16733 | Orc:1    | Lost mutation: You have a pair of large horns on your head.
                  | [potion of mutation]
 16733 | Orc:1    | Lost mutation: You are occasionally teleported next to
                  | monsters. [potion of mutation]
 16733 | Orc:1    | Gained mutation: You are agile. (Dex +2) [potion of
                  | mutation]
 16733 | Orc:1    | Gained mutation: Your spells are a little harder to cast,
                  | but a little more powerful. [potion of mutation]
 16733 | Orc:1    | Gained mutation: Your muscles are strong. (Str +2) [potion
                  | of mutation]
 16733 | Orc:1    | Gained mutation: You are somewhat resistant to further
                  | mutation. [potion of mutation]
 17260 | Orc:2    | Entered Level 2 of the Orcish Mines
 17305 | Orc:2    | Found Egeshog's Weapon Emporium.
 17328 | Orc:2    | Found Lekaz's Magic Scroll Shop.
 17337 | Orc:2    | Bought 3 scrolls of enchant armour for 360 gold pieces
 17337 | Orc:2    | Bought 3 scrolls of enchant armour for 360 gold pieces
 17386 | Orc:2    | Noticed Urug
 17388 | Orc:2    | Noticed Blork the orc
 17392 | Orc:2    | Noticed Saint Roka
 17399 | Orc:2    | Killed Blork the orc
 17399 | Orc:2    | Received a gift from Trog
 17400 | Orc:2    | Killed Urug
 17423 | Orc:2    | Noticed an orc warlord
 17426 | Orc:2    | Reached skill level 10 in Shields
 17429 | Orc:2    | Killed Saint Roka
 17439 | Orc:2    | Killed an orc warlord
 17528 | Orc:2    | Noticed Nergalle
 17532 | Orc:2    | Found Tosaoheo's General Store.
 17534 | Orc:2    | Killed Nergalle
 17536 | Orc:2    | Found Dyniluo's Antique Weapon Boutique.
 17562 | Orc:2    | Found Suommot's Antique Armour Boutique.
 17572 | Orc:2    | Bought a pair of boots for 130 gold pieces
 17609 | Orc:2    | Bought a scroll of summoning for 114 gold pieces
 17625 | Orc:2    | Found Vixt's Jewellery Boutique.
 17631 | Orc:2    | Bought a ring of poison resistance for 240 gold pieces
 17631 | Orc:2    | Bought a ring of see invisible for 180 gold pieces
 17631 | Orc:2    | Bought a ring of resist corrosion for 240 gold pieces
 17650 | Orc:2    | Found Zeogih's Antique Armour Emporium.
 17668 | Orc:2    | Found a staircase to the Elven Halls.
 18376 | D:11     | Noticed Harold
 18386 | D:11     | Killed Harold
 20149 | D:14     | Found Ireiroy's Jewellery Emporium.
 20185 | D:14     | Found a shadowy altar of Dithmenos.
 20603 | D:15     | Entered Level 15 of the Dungeon
 20683 | D:15     | Found a staircase to the Depths.
 20927 | D:15     | Received a gift from Trog
 20930 | D:15     | Reached XP level 16. HP: 151/151 MP: 15/15
 21943 | Lair:5   | Killed Berchol's ghost
 22064 | Swamp:1  | Entered Level 1 of the Swamp
 22735 | Swamp:2  | Noticed Donald
 22751 | Swamp:2  | Killed Donald
 22863 | Swamp:2  | Noticed a tentacled monstrosity
 22878 | Swamp:2  | Killed a tentacled monstrosity
 23081 | Swamp:2  | Noticed Louise
 23098 | Swamp:2  | Killed Louise
 23474 | Swamp:3  | Identified the ring of the Heavens {rElec rF- rCorr Int+6}
 23679 | Swamp:3  | Noticed Aizul
 23694 | Swamp:3  | Killed Aizul
 24002 | Swamp:4  | Entered Level 4 of the Swamp
 24097 | Swamp:4  | Noticed a thorn hunter
 24199 | Swamp:4  | Killed a thorn hunter
 24224 | Swamp:4  | Reached XP level 17. HP: 138/161 MP: 16/16
 24239 | Swamp:4  | Reached skill level 10 in Dodging
 24390 | Swamp:4  | Got a decaying rune of Zot
 24647 | Swamp:4  | Reached skill level 15 in Shields
 24882 | Snake:1  | Entered Level 1 of the Snake Pit
 25809 | Snake:2  | Found a transporter.
 25810 | Snake:2  | Found a transporter.
 25815 | Snake:2  | Found a bloodstained altar of Trog.
 25815 | Snake:2  | Noticed Rithri's ghost (journeyman MiFi)
 27069 | Snake:2  | Killed Rithri's ghost
 27241 | Snake:3  | Reached skill level 15 in Armour
 27249 | Snake:3  | Received a gift from Trog
 27340 | Snake:3  | Found Fycigof's Antique Armour Shoppe.
 27342 | Snake:3  | Found Ledinkis's Magic Scroll Emporium.
 27344 | Snake:3  | Found Pinosa's Distillery.
 27352 | Snake:3  | Bought 2 potions of heal wounds for 140 gold pieces
 27352 | Snake:3  | Bought a potion of heal wounds for 70 gold pieces
 27666 | Snake:4  | Entered Level 4 of the Snake Pit
 27744 | Snake:4  | Reached XP level 18. HP: 169/173 MP: 17/17
 28214 | Snake:4  | Identified the +6 hunting sling "Visteu" {speed, Int+7
                  | Stlth-}
 28558 | Snake:4  | Reached skill level 5 in Stealth
 28565 | Snake:4  | Received a gift from Trog
 28643 | Snake:4  | Got a serpentine rune of Zot
 28761 | Snake:4  | Found a shimmering altar of Xom.
 28951 | Snake:4  | Identified a scroll of acquirement
 28952 | Snake:4  | Acquired the amulet of Levity {Reflect rC+ Str-2 Int+2
                  | SH+5}
 29525 | Elf:1    | Entered Level 1 of the Elven Halls
 29884 | Elf:1    | Identified the +1 leather armour "Maemp" {Str+4 Int+5}
 30005 | Elf:1    | Noticed Frances
 30018 | Elf:1    | Killed Frances
 30218 | Elf:1    | Received a gift from Trog
 30226 | Elf:1    | Identified the +9 arbalest of Misery {speed, Dex+4}
 30430 | Elf:1    | Found Cumuh's Antique Weapon Shop.
 30908 | Elf:2    | Found a frozen archway.
 30917 | IceCv    | Entered an ice cave
 31074 | IceCv    | Reached XP level 19. HP: 183/183 MP: 18/18
 31241 | IceCv    | HP: 7/274 [something (11)]
 31997 | Elf:2    | Paralysed by an air elemental for 1 turns
 32082 | Elf:2    | Found a runed translucent gate.
 32083 | Elf:2    | Found a runed translucent gate.
 32083 | Elf:2    | Found a runed translucent gate.
 32369 | Elf:2    | Received a gift from Trog
 32444 | Elf:2    | Paralysed by an air elemental for 1 turns
 33311 | Elf:3    | Entered Level 3 of the Elven Halls
 33312 | Elf:3    | Paralysed by an air elemental for 1 turns
 33390 | Elf:3    | Noticed a Brimstone Fiend
 33391 | Elf:3    | Noticed a Brimstone Fiend
 33854 | Elf:3    | Identified the +0 robe of the Kraken {rC+}
 33975 | Elf:3    | Identified the +3 scimitar of Cataclysm {vamp, Str+6}
 34038 | Elf:3    | Identified the ring "Qoatt" {rCorr Dex+2}
 34083 | Elf:3    | Identified the +1 ring mail of Losis {*Corrode Regen+
                  | Stlth+}
 34274 | Elf:3    | Paralysed by an air elemental for 1 turns
 34438 | Elf:3    | Found Plog's Antique Weapon Shop.
 34666 | Elf:3    | Identified the ring "Tuniuw" {Wiz Contam rPois Int+6}
 34889 | Vaults:1 | Entered Level 1 of the Vaults
 35037 | Vaults:1 | You fall into a shaft and drop 1 floor!
 35063 | Vaults:1 | Reached XP level 20. HP: 195/195 MP: 19/19
 35082 | Vaults:1 | Cast into level 2 of the Abyss (a wizard)
 35093 | Vaults:1 | Escaped the Abyss
 35136 | Vaults:1 | Received a gift from Trog
 35369 | Vaults:1 | Noticed Beasu's ghost (veteran KoDe)
 35370 | Vaults:1 | Found a runed translucent gate.
 35370 | Vaults:1 | Found a runed translucent gate.
 35370 | Vaults:1 | Found a runed translucent gate.
 35747 | Vaults:1 | Received a gift from Trog
 36021 | Vaults:1 | Identified the +0 chain mail of Eqeafyl {rElec Dex+4}
 36290 | Vaults:1 | Found Muyxkull's Assorted Antiques.
 36310 | Vaults:1 | Noticed Frederick
 36742 | Vaults:1 | Killed Frederick
 37246 | Vaults:1 | Killed Beasu's ghost
 37534 | Vaults:2 | Found Qoiren's Weapon Boutique.
 37569 | Vaults:2 | Noticed Asterion
 37579 | Vaults:2 | Killed Asterion
 37804 | Vaults:2 | Reached XP level 21. HP: 172/206 MP: 20/20
 38007 | Vaults:2 | Paralysed by something for 3 turns
 38275 | Vaults:2 | Found a staircase to the Crypt.
 38947 | Vaults:3 | Reached ****** piety under Trog
 39081 | Vaults:3 | Received a gift from Trog
 39208 | Vaults:3 | Identified the +3 chain mail "Basoobla" {rC+ rN+ Will-
                  | Int+5}
 39547 | Vaults:3 | Found a transporter.
 39548 | Vaults:3 | Found a radiant altar of Vehumet.
 39605 | Vaults:3 | Found a portal to a secret trove of treasure.
 39608 | Vaults:3 | Noticed Bai Suzhen
 39626 | Vaults:3 | Killed Bai Suzhen
 40617 | Vaults:3 | Reached XP level 22. HP: 207/220 MP: 21/21
 40976 | Vaults:3 | Received a gift from Trog
 41020 | Vaults:3 | Identified the +0 hat "Lyhuxit" {rF+ Regen+ Slay-6}
 41048 | Vaults:3 | Found a transporter.
 41343 | Vaults:4 | Found the +8 whip "Snakebite" {venom, curare, rPois}
 41405 | Vaults:4 | Found a large runed translucent door.
 41405 | Vaults:4 | Found a large runed translucent door.
 41405 | Vaults:4 | Noticed Yhutz's ghost (veteran MiFi)
 41405 | Vaults:4 | Noticed Tetudagra's ghost (adept DgGl)
 41658 | Vaults:4 | Found the +14 obsidian axe {vorpal, Mesm Drain Fly SInv}
 42245 | Vaults:4 | Received a gift from Trog
 43175 | Vaults:4 | Killed Tetudagra's ghost
 43196 | Vaults:4 | Killed Yhutz's ghost
 43226 | Vaults:5 | Entered Level 5 of the Vaults
 43226 | Vaults:5 | Noticed a golden dragon
 43226 | Vaults:5 | Noticed a golden dragon
 43239 | Vaults:5 | Killed a golden dragon
 43242 | Vaults:5 | Killed a golden dragon
 43258 | Vaults:5 | Received a gift from Trog
 43287 | Vaults:5 | Reached XP level 23. HP: 232/232 MP: 22/22
 43333 | Vaults:5 | Noticed a dread lich
 43357 | Vaults:5 | Killed a dread lich
 43357 | Vaults:5 | Received a gift from Trog
 43369 | Vaults:5 | Reached skill level 27 in Shields
 43757 | Vaults:5 | Identified the +7 leather armour "Feochoci" {Rampage rF+}
 44000 | Vaults:5 | Noticed an ancient lich
 44009 | Vaults:5 | Killed an ancient lich
 44203 | Vaults:5 | Got a silver rune of Zot
 44986 | Vaults:5 | Identified the ring "Hearr" {rF++ rN+ Int+6}
 45489 | Slime:1  | Entered Level 1 of the Pits of Slime
 48101 | Slime:5  | Entered Level 5 of the Pits of Slime
 48116 | Slime:5  | Reached XP level 24. HP: 240/245 MP: 22/22
 48327 | Slime:5  | Found a viscous altar of Jiyva.
 48336 | Slime:5  | Noticed the Royal Jelly
 48390 | Slime:5  | Reached skill level 27 in Axes
 48435 | Slime:5  | Killed the Royal Jelly
 48559 | Slime:5  | Acquired a ring of flight
 48572 | Slime:5  | Got a slimy rune of Zot
 48582 | Slime:5  | Identified the ring "Luak" {rC+ Str+6}
 49246 | Crypt:1  | Entered Level 1 of the Crypt
 49975 | Crypt:1  | Identified the +0 tower shield of Doclup {Drain rElec rF+}
 49975 | Crypt:1  | Noticed Mennas
 49990 | Crypt:1  | Killed Mennas
 50358 | Crypt:2  | Paralysed by something for 2 turns
 50778 | Crypt:2  | Reached skill level 27 in Fighting
 50806 | Crypt:2  | Reached skill level 1 in Long Blades
 51744 | Crypt:3  | Entered Level 3 of the Crypt
 51763 | Crypt:3  | Received a gift from Trog
 51816 | Crypt:3  | Reached skill level 5 in Long Blades
 52054 | Crypt:3  | Identified the +5 ring mail of Rodaawau {rC+ Int+6}
 52061 | Crypt:3  | Identified the +3 quick blade "Wipeugar" {vamp, rCorr Str+3
                  | Dex+3}
 52255 | Crypt:3  | Found an ancient bone altar of Kikubaaqudgha.
 52255 | Crypt:3  | Noticed an ancient lich
 52264 | Crypt:3  | Killed an ancient lich
 52302 | Crypt:3  | Identified the +6 trident "Dragonbane" {protect, rElec rF+}
 52599 | Crypt:3  | Found a staircase to the Tomb.
 53169 | Depths:1 | Entered Level 1 of the Depths
 53436 | D:1      | Bought a ring of positive energy for 200 gold pieces
 53436 | D:1      | Bought the ring "Lukh" {Ice Drain rElec Str+2 Slay+3} for
                  | 502 gold pieces
 53816 | Temple   | Entered the Ecumenical Temple
 53998 | D:8      | Killed Soborki's ghost
 55347 | Orc:1    | Bought a potion of flight for 54 gold pieces
 55347 | Orc:1    | Bought a potion of haste for 180 gold pieces
 55419 | Orc:2    | Bought the amulet "Hellowno" {Reflect Fragile rPois rF+
                  | SH+5 SInv} for 561 gold pieces
 55548 | Orc:2    | Bought a scroll of teleportation for 48 gold pieces
 55548 | Orc:2    | Bought a scroll of teleportation for 48 gold pieces
 55548 | Orc:2    | Bought a scroll of holy word for 120 gold pieces
 56580 | Snake:3  | Bought a potion of cancellation for 112 gold pieces
 56585 | Snake:3  | Bought a scroll of teleportation for 57 gold pieces
 56585 | Snake:3  | Bought a scroll of teleportation for 57 gold pieces
 56587 | Snake:3  | Bought a pair of runed boots for 210 gold pieces
 57806 | Crypt:3  | Reached XP level 25. HP: 255/257 MP: 22/22
 58057 | Tomb:1   | Entered Level 1 of the Tomb of the Ancients
 58116 | Tomb:1   | Received a gift from Trog
 58637 | Tomb:1   | Identified the +7 long sword "Sigoit" {antimagic, Int-3
                  | Dex+6}
 60024 | Tomb:1   | Identified the +3 great sword of Noon {elec, Fragile rPois
                  | rN++ Stlth+}
 60024 | Tomb:1   | Noticed a royal mummy
 60041 | Tomb:1   | Killed a royal mummy
 60537 | Tomb:1   | Noticed a royal mummy
 60548 | Tomb:1   | Killed a royal mummy
 61076 | Tomb:2   | Noticed a royal mummy
 61076 | Tomb:2   | Noticed a royal mummy
 61077 | Tomb:2   | Noticed a royal mummy
 61077 | Tomb:2   | Noticed a royal mummy
 61531 | Tomb:2   | Killed a royal mummy
 61560 | Tomb:2   | Killed a royal mummy
 61654 | Tomb:2   | HP: 8/255 [ushabti] (5)]
 61654 | Tomb:2   | HP: 3/255 [poisoned by an ushabti (dark miasma)]
 61655 | Tomb:2   | Succumbed to an ushabti's dark miasma

Illustrated notes

Levels and vault maps discovered:
D:1:      erik_arrival_triangle_small, layout_basic, serial_shops,
          nicolae_shop_hallway_plus, nicolae_shop_crystal, chequers_mini_garden,
          minmay_strange_pillars, minmay_misc_feat_four_crosses
D:2:      layout_loops_ring, chequers_ecumenical_altar_simple, uniq_jessica,
          uniq_crazy_yiuf_cottage
D:3:      layout_basic, mainiacjoe_overflow_catwalk,
          nicolae_qazlal_eye_of_the_storm, uniq_ijyb, uniq_sigmund
D:4:      layout_basic, mainiacjoe_overflow_paths, enter_ossuary_3,
          serial_shops, nicolae_lakefront_shop, minivault_5, uniq_duvessa,
          uniq_eustachio
D:5:      layout_rooms, mainiacjoe_overflow_tiny_flanked, nicolae_shop_clearance
D:6:      layout_rooms, minitemple, nicolae_lava_and_water
D:7:      layout_loops_cross, minmay_temple_entry_wispy, hex_large,
          kennysheep_generic_room_14
D:8:      layout_gridville, gammafunk_ghost_grave, nicolae_transmutations_shop
D:9:      layout_roguey, kennysheep_little_box, corexii_corridor_pit,
          minmay_misc_feat_pillars
D:10:     layout_stronghold, erik_lair_orcish_takeover, enter_bailey_4,
          uniq_grum
D:11:     cheibrodos_elevator_heist, layout_rooms, serial_rivers,
          chequers_serial_rivers_micro_d, chequers_serial_rivers_micro_c,
          chequers_serial_rivers_micro_c, chequers_serial_rivers_small_b,
          uniq_harold
D:12:     layout_roguey, orc_0_dummy, uniq_fannar
D:13:     layout_layer_cave, david_vaults_2, uniq_maurice
D:14:     layout_stronghold, serial_shops, nicolae_shop_trees,
          grunt_dithmenos_shadows
D:15:     hangedman_depths_entry_try_elsewhere_first, layout_stronghold,
          chequers_decorated_corner, hangedman_decor_slide_cut
Temple:   cyrus_temple_forest
Lair:1:   layout_gridlike
Lair:2:   layout_cave_pods, skrybe_swamp_entry_bodies,
          minmay_snake_entry_guardpost_medium, basic_altar,
          ebering_ghost_rock_garden, nzn_masters_of_martial_movement
Lair:3:   layout_cave_pods
Lair:4:   nzn_winding_woodlands_stair_cross [nzn_winding_woodlands_5x15_jagged,
          nzn_winding_woodlands_center_garden,
          nzn_winding_woodlands_5x15_pathside_ponds,
          nzn_winding_woodlands_hourglass, nzn_winding_woodlands_5x5_three,
          nzn_winding_woodlands_5x15_zeroes, nzn_winding_woodlands_center_lodge,
          nzn_winding_woodlands_5x15_default], layout_cave_shapes,
          chequers_serial_rivers_large_b
Lair:5:   layout_gridlike, gammafunk_ghost_necromancy
Lair:6:   evilmike_catoblepas_cave, layout_long_grid,
          minmay_slime_entry_pillars, cheibrodos_lair_lostbears,
          infiniplex_staircase_pool_2
Swamp:1:  layout_basic_swamp, evilmike_swamp_ruin_rubble_2,
          nicolae_swamp_treefoil
Swamp:2:  layout_basic_swamp, evilmike_swamp_ruin_house_3, uniq_donald,
          uniq_louise
Swamp:3:  layout_basic_swamp, hangedman_swamp_blocks, uniq_aizul
Swamp:4:  swamp, layout_basic_swamp, swamp_pool4
Snake:1:  layout_basic, st_stairs_8
Snake:2:  layout_layer_cave, gammafunk_ghost_wrathful_warriors,
          nicolae_snake_bzzzt, serial_bayou_shore_a
Snake:3:  layout_misc_corridors, minmay_shop_star
Snake:4:  grunt_snake_rune_pools, layout_chambers, basic_altar,
          nrook_guardian_serpent_double
Slime:1:  layout_caves
Slime:2:  layout_caves
Slime:3:  layout_caves
Slime:4:  layout_caves, nicolae_slime_phagocytosis
Slime:5
Orc:1:    layout_diamond_mine, serial_shops, nicolae_shop_advertising_works
          [nicolae_subvault_shop_adworks], nicolae_orc_bridge_out
Orc:2:    grunt_orc_cross, layout_caves, serial_shops, nicolae_square_shop,
          nicolae_shop_stone, shop_fountains
Elf:1:    eino_elf_arrival_shootout, layout_geoelf_diagonals, serial_aquarium,
          aquarium_bridge_island_small [aquarium_subvault_small_open,
          aquarium_subvault_wall, aquarium_subvault_bridge,
          aquarium_subvault_window, aquarium_subvault_bridge],
          aquarium_window_corner, aquarium_window_fake, aquarium_window_fake,
          aquarium_window_fake, aquarium_view_2f, aquarium_view_2b,
          aquarium_balcony_3b, serial_shops, shop, minmay_elf_demonology,
          minivault_27, st_stairs_11, grunt_ministairs_2, drop_trap,
          uniq_frances
Elf:2:    nicolae_elf_blades_crystal_corner, layout_loops_corners,
          portal_ice_cave_entry_pillars_three, lemuel_flamethrower_3
Elf:3:    grunt_elf_hall_diamonds, layout_geoelf_octagon, serial_shops,
          shop_coins
Vaults:1: biasface_ghost_orc_armoury, serial_ice_g, vaults_room_fours,
          vaults_room_grunt_arrival_ludios,
          vaults_standard_mumra_enter_the_diamond,
          hangedman_vaults_corner_blocks, v_misc_30, vaults_mumra_minichess,
          ontoclasm_vaults_hangar, v_alt_pattern_1, ontoclasm_vaults_fault,
          sword_in_stone, layout_vaults_omnibox, serial_shops, shop
Vaults:2: vaults_dpeg_diagonal, minmay_crypt_entry_simple_statues, v_rooms_6,
          nicolae_vaults_little_squares_3, hangedman_vaults_maws, v_misc_27,
          v_misc_26, v_pattern_3, vaults_room_door_ring, ontoclasm_vaults_spin,
          vaults_room_pools, vaults_room_mumra_shop_pool, grunt_vaults_focal,
          layout_vaults_big_room, uniq_asterion
Vaults:3: v_alt_pattern_6, hangedman_vaults_slither,
          nicolae_vaults_big_angled_halls, nicolae_vaults_big_ls,
          gammafunk_sealed_library, nicolae_vaults_network_star,
          v_alt_pattern_6, vaults_room_semicircle, ontoclasm_vaults_hangar,
          v_misc_2, vaults_room_stairs_pillars, layout_vaults_omnicross,
          nicolae_trove_entry_isolated, uniq_bai_suzhen
Vaults:4: advil_vaults_ghost_guards, nicolae_vaults_know_your_exits,
          ontoclasm_vaults_idyll, ontoclasm_vaults_tryst,
          ontoclasm_vaults_bender, nicolae_vaults_network_periphery,
          vaults_room_pools, nicolae_vaults_twisting_passages,
          hangedman_vaults_restitches, vaults_room_fours, v_misc_10,
          ontoclasm_vaults_twist, layout_vaults_ring
Vaults:5: uniq_frederick
Crypt:1:  layout_chaotic_city, serial_glass, glass_columns_a, glass_columns_a,
          item_on_display_a, grunt_crypt_arrival_split, grunt_megastairs_2,
          uniq_mennas
Crypt:2:  layout_gridlike
Crypt:3:  cryptofortress_bobbens
Tomb:1
Tomb:2
Depths:1: layout_gridlike, enter_ziggurat_e, interstate_on_off, hellmouth_1,
          hangedman_abyss_entry_splay, kennysheep_pointless_box,
          minmay_orc_keep, uniq_saint_roka

Skill      XL: |  1  2  3  4  5  6  7  8  9 10 11 12 13 14 15 16 17 18 19 20 21 22 23 24 25 |
---------------+----------------------------------------------------------------------------+-----
Fighting       | 4 5 6 7 8 9 10 11 13 14 16 17 18 19 20 21 23 24 25 27 | 27.0
Polearms       | 1 2 4 5 7 9 11 | 11.5
Axes           | 4 6 9 12 15 16 18 19 20 21 22 23 24 25 26 27 | 27.0
Dodging        | 3 4 5 6 7 8 9 10 11 | 11.3
Stealth        | 1 2 3 4 5 6 7 |  7.9
Armour         | 3 6 8 9 10 11 12 13 14 15 16 17 18 20 23 | 23.1
Shields        | 2 4 5 6 9 11 14 16 18 20 22 23 26 27 | 27.0
Evocations     | 1 2 3 |  3.8
Maces & Flails | 2 8 |  8.3
Long Blades    | 7 9 |  9.3

Action                   |  1- 3 |  4- 6 |  7- 9 | 10-12 | 13-15 | 16-18 | 19-21 | 22-24 | 25-27 || total
-------------------------+-------+-------+-------+-------+-------+-------+-------+-------+-------++-------
Melee: Hand axe          |     8 |       |       |       |       |       |       |       |       ||     8
       Spear             |    79 |    92 |   251 |       |       |       |       |       |       ||   422
       Headbutt          |     7 |     7 |    55 |    85 |   290 |   362 |   439 |   576 |    78 ||  1899
       Kick              |       |       |    80 |   132 |   315 |       |       |       |       ||   527
       Bite              |       |       |    26 |    45 |   160 |   193 |   244 |   310 |    47 ||  1025
       War axe           |       |       |    30 |   226 |   503 |       |       |       |       ||   759
       Trident           |       |       |       |    49 |       |       |       |       |       ||    49
       Great mace        |       |       |       |    59 |     3 |       |       |       |       ||    62
       Broad axe         |       |       |       |       |   324 |  1105 |  1205 |  1471 |   271 ||  4376
Invok: Trog's Hand       |       |     5 |     5 |    17 |    20 |    31 |    38 |    42 |    18 ||   176
       Berserk           |       |     4 |     4 |     7 |     8 |     8 |     1 |     6 |     3 ||    41
       Brothers in Arms  |       |       |       |     1 |     3 |     1 |     5 |    12 |     2 ||    24
Evoke: Wand              |       |       |       |    11 |     4 |    10 |     1 |    12 |       ||    38
       Lightning rod     |       |       |       |       |       |       |       |     5 |       ||     5
  Use: Scroll            |       |     4 |     5 |    10 |     6 |     5 |    12 |    11 |     8 ||    61
       Potion            |       |     2 |     8 |     3 |     4 |     3 |     8 |    14 |    10 ||    52
 Stab: Sleeping          |       |     2 |       |       |     2 |     1 |       |       |       ||     5
       Petrified         |       |       |       |       |    12 |       |       |       |       ||    12
       Invisible         |       |       |       |       |       |    22 |       |    15 |       ||    37
       Distracted        |       |       |       |       |       |     1 |     4 |     3 |     1 ||     9
Armor: Animal skin       |     8 |     3 |       |       |       |       |       |       |       ||    11
       Chain mail        |       |     7 |    63 |    17 |       |       |       |       |       ||    87
       Scale mail        |       |     1 |       |       |       |       |       |       |       ||     1
       Fire dragon scale |       |       |       |   142 |   259 |   539 |     8 |       |       ||   948
       Crystal plate arm |       |       |       |       |       |       |   281 |   321 |   101 ||   703
Dodge: Dodged            |    38 |    22 |    60 |   193 |   323 |   565 |   193 |   224 |    84 ||  1702
Block: Buckler           |       |       |    19 |    97 |    96 |       |       |       |       ||   212
       Tower shield      |       |       |       |       |   495 |  1530 |  1285 |  1425 |   323 ||  5058
       Reflection        |       |       |       |       |       |    22 |   108 |    63 |     1 ||   194

Table legend: (Time is in decaauts)
 A = Elapsed time spent in this place.
 B = Non-inter-level travel time spent in this place.
 C = Inter-level travel time spent in this place.
 D = Time resting spent in this place.
 E = Time spent auto-exploring this place.
 F = Levels seen in this place.
 G = Mean time per level.
                   A        B        C        D        E       F      G
               +--------+--------+--------+--------+--------+-----+--------+
         Total |  61334 |  51070 |  10264 |      0 |  38966 |  55 | 1115.2 |
       Dungeon |  15477 |  11727 |   3750 |      0 |   9557 |  15 | 1031.8 |
        Temple |     79 |     55 |     24 |      0 |     48 |   1 |   79.0 |
          Lair |   7778 |   5598 |   2180 |      0 |   4408 |   6 | 1296.3 |
         Swamp |   3142 |   2824 |    318 |      0 |   2086 |   4 |  785.5 |
     Snake Pit |   4788 |   4294 |    494 |      0 |   3330 |   4 | 1197.0 |
    Slime Pits |   3438 |   3226 |    212 |      0 |   2291 |   5 |  687.6 |
  Orcish Mines |   2109 |   1488 |    621 |      0 |   1121 |   2 | 1054.5 |
   Elven Halls |   4776 |   4119 |    657 |      0 |   3005 |   3 | 1592.0 |
        Vaults |  10680 |   9289 |   1391 |      0 |   6853 |   5 | 2136.0 |
         Crypt |   3901 |   3472 |    429 |      0 |   2500 |   3 | 1300.3 |
          Tomb |   3583 |   3412 |    171 |      0 |   2825 |   2 | 1791.5 |
        Depths |     35 |     23 |     12 |      0 |     21 |   1 |   35.0 |
         Abyss |     10 |     10 |      0 |      0 |      0 |   1 |   10.0 |
       Ossuary |    163 |    163 |      0 |      0 |     69 |   1 |  163.0 |
        Bailey |    353 |    353 |      0 |      0 |    158 |   1 |  353.0 |
      Ice Cave |   1014 |   1014 |      0 |      0 |    693 |   1 | 1014.0 |
               +--------+--------+--------+--------+--------+-----+--------+

Top non-repeatable levels by time:
  Tomb:1: 2992 daAuts
Vaults:3: 2522 daAuts
Vaults:4: 2427 daAuts
Vaults:1: 2173 daAuts
  Lair:2: 2151 daAuts
Vaults:2: 2037 daAuts
   Elf:2: 1875 daAuts
    D:10: 1745 daAuts
    D:13: 1731 daAuts
 Snake:4: 1642 daAuts
 Crypt:3: 1635 daAuts
   Elf:1: 1595 daAuts
  Lair:4: 1531 daAuts
Vaults:5: 1519 daAuts
 Snake:2: 1502 daAuts
